 Dungeon Crawl Stone Soup version 0.31-a0-145-g046c7d2549 (webtiles) character file.

Game seed: 499077525375168280

14585 qw the Marksminotaur (level 11, -1/99 HPs)
             Began as a Minotaur Hunter on June 7, 2023.
             Was a High Priest of Okawaru.
             Succumbed to a cane toad's poison
             ... on level 2 of the Lair of Beasts.
             The game lasted 00:04:10 (11423 turns).

qw the Marksminotaur (Minotaur Hunter)             Turns: 11423, Time: 00:04:11

Health: -1/99      AC:  8    Str: 15    XL:     11   Next: 90%
Magic:  14/15      EV: 21    Int:  6    God:    Okawaru [*****.]
Gold:   592        SH:  0    Dex: 19    Spells: 10/10 levels left

rFire   . . .        g - +2 orcbow (freeze)
rCold   + + .        (shield currently unavailable)
rNeg    . . .        u - +1 robe {rC+}
rPois   .            t - +2 hat
rElec   .            n - scarf {repulsion}
rCorr   .            a - +0 pair of gloves
SInv    .            q - +0 pair of boots
Will    .....        s - amulet of faith
Stlth   +++          m - ring of protection from cold
HPRegen 0.36/turn    (no ring)
MPRegen 0.14/turn

%: repel missiles, faith
@: lethally poisoned (-1 -> -8), about to teleport, heroic
A: horns 2, retaliatory headbutt
a: Renounce Religion, Heroism, Finesse, Duel


You were on level 2 of the Lair of Beasts.
You worshipped Okawaru.
Okawaru was extremely pleased with you.
You visited 3 branches of the dungeon, and saw 12 of its levels.
You also visited: Ossuary.

You collected 592 gold pieces.


Innate Abilities, Weirdness & Mutations

You have a pair of horns on your head.
You reflexively headbutt those who attack you in melee.


   Skills:
 - Level 10.0(15.0) Fighting
 + Level 15.4(20.4) Ranged Weapons
 - Level 4.1(9.1) Armour
 - Level 8.0(13.0) Dodging
 - Level 0.7(5.7) Stealth
 + Level 7.8 Invocations


You had 10 spell levels left.
You didn't know any spells.
Your spell library was empty.

Inventory:

Hand Weapons
 g - a +2 orcbow of freezing (weapon)
Armour
 a - a +0 pair of gloves (worn)
 k - a +2 robe of the Archmagi
 n - a scarf of repulsion (worn)
 q - a +0 pair of boots (worn)
 t - a +2 hat (worn)
 u - a +1 robe of cold resistance (worn)
Jewellery
 c - an amulet of reflection
 m - a ring of protection from cold (left hand)
 s - an amulet of faith (around neck)
Scrolls
 b - a scroll of identify
 l - 3 scrolls of teleportation
Potions
 d - a potion of mutation
 e - 2 potions of might
 f - a potion of haste
 i - a potion of magic
 o - a potion of resistance
 r - 4 potions of curing
 v - a potion of brilliance {unknown}

Dungeon Overview and Level Annotations

Branches:
Dungeon (9/15)             Temple (1/1) D:6            Lair (2/5) D:9
  Snake (0/4) Lair:2      Ossuary (visited)
  Swamp: Lair:2-3    Shoals: Lair:2-3       Orc: D:9-12

Altars:
Ashenzari
Cheibriados
Dithmenos
Elyvilon
Fedhas
Gozag
Hepliaklqana
Kikubaaqudgha
Makhleb
Nemelex Xobeh
Okawaru
Qazlal
Ru
Sif Muna
Trog
Uskayaw
Vehumet
Wu Jian
Xom
Yredelemnul
Zin
The Shining One

Shops:
D:2 [   D:6 :

Annotations:
D:3 1 runed translucent door, Crazy Yiuf


Message History

You shoot an arrow. The arrow hits the cane toad.
The cane toad seems to slow down.
The arrow freezes the cane toad.
The cane toad is moderately wounded.
You are engulfed in blazing flames.
You shoot an arrow.
The arrow hits the cane toad but does no damage.
The cane toad is moderately wounded.
The fire crab breathes flames at you. The blast of flame engulfs you.
You shoot an arrow. The arrow barely misses the cane toad.
You are engulfed in blazing flames.
The fire crab breathes flames at you.
The blast of flame engulfs you but does no damage.
11418 ||| Stepping ~*~*~tactically~*~*~ (cloud).
You shoot an arrow. The arrow hits the cane toad!
The cane toad seems to slow down.
The arrow freezes the cane toad.
The cane toad is almost dead.
The cane toad stings you!
You are poisoned.
The cane toad poisons you!
You shoot an arrow.
The arrow hits the cane toad but does no damage.
The cane toad is almost dead.
You feel very sick.
You shoot an arrow. The arrow hits the cane toad!
The arrow freezes the cane toad.
You kill the cane toad!
Okawaru accepts your kill.
You feel sick. The fire crab breathes flames at you.
The blast of flame engulfs you but does no damage.
You shoot an arrow. The arrow hits the fire crab!
The arrow freezes the fire crab.
The fire crab is almost dead.
You are engulfed in blazing flames.
You feel sick.
11423 ||| READING 4 scrolls of teleportation.
As you read the scroll of teleportation, it crumbles to dust.
You feel strangely unstable.
You are engulfed in blazing flames.
You die...

#...#..##.#.#....#.#.#####.####.
#...............................
#..........%....................
##...............................
#....##..#.#P..#....#..######...#
#....##.#########...###### ######
##...##.###P...##....##..###.####
#.%...........000...............
##.............0@t...............
#..............000...............
##...#.#P####...##.#.............
#...##### ##########...........
##...# #........... #....##
#........... .#....# #...........
##...## ## #...........
#....#######.#. #...........


You could see a fire crab.

Vanquished Creatures
  A hydra (Lair:1)
  A two-headed ogre (D:6)
  2 black mambas (Lair:1)
  5 cane toads
  A black mamba (shapeshifter) (D:8)
  3 rime drakes
  2 komodo dragons
  A polar bear (Lair:2)
  Prince Ribbit (D:8)
  5 blink frogs (Lair:1)
  Grinder (D:3)
  Sigmund (D:6)
  A spriggan (D:7)
  A wyvern (Lair:1)
  12 yaks
  Eustachio (D:5)
  2 steam dragons
  3 basilisks
  9 water moccasins
  An orc warrior (D:6)
  A sky beast (D:7)
  2 black bears
  2 ice beasts (D:8)
  2 ogres (D:4)
  5 centaurs
  2 phantoms (D:5)
  A kobold brigand (D:8)
  11 bullfrogs
  3 gnoll sergeants
  4 scorpions
  5 wights (D:8)
  2 electric eels
  4 howler monkeys
  7 jellies
  6 orc priests
  5 hounds
  A sleepcap (D:4)
  10 orc wizards
  5 iguanas
  5 mummies (Ossuary)
  5 gnolls (D:5)
  5 adders
  4 shadow imps (D:6)
  4 white imps
  2 ufetubi (D:6)
  4 worms
  4 dart slugs
  31 orcs
  9 ball pythons
  12 endoplasms
  2 giant cockroaches
  7 goblins
  A hobgoblin (D:3)
  6 quokkas
  5 bats
  6 frilled lizards
  7 hobgoblin zombies (Ossuary)
  7 kobolds
  7 rats
265 creatures vanquished.

Notes
Turn   | Place    | Note
-------+----------+-------------------------------------------
     0 | D:1      | qw the Minotaur Hunter began the quest for the Orb.
     0 | D:1      | Reached XP level 1. HP: 18/18 MP: 0/0
     0 | D:1      | 0 ||| qw: Version: 0.2-a-117-gc6b5c8b
     0 | D:1      | 0 ||| qw: Game counter: 2482
     0 | D:1      | 0 ||| qw: Always use a shield: true
     0 | D:1      | 0 ||| qw: God list: Okawaru
     0 | D:1      | 0 ||| qw: Allow faded altars: false
     0 | D:1      | 0 ||| qw: Do Orc after D:15 true
     0 | D:1      | 0 ||| qw: Do second Lair branch before Depths: true
     0 | D:1      | 0 ||| qw: Lair rune preference: random
     0 | D:1      | 0 ||| qw: Plans: Normal
     0 | D:1      | 0 ||| PLANNING D:1-11
   112 | D:1      | Reached XP level 2. HP: 25/25 MP: 1/1
   235 | D:1      | Reached skill level 5 in Ranged Weapons
   515 | D:1      | Reached skill level 3 in Fighting
   699 | D:1      | 699 ||| UPGRADING to +0 ring mail.
   709 | D:1      | 709 ||| DROPPING +0 leather armour.
   710 | D:1      | 710 ||| UPGRADING to ring of protection from cold.
   711 | D:1      | 711 ||| READING scroll labelled XEAQOY MYNI.
   712 | D:1      | 712 ||| READING scroll labelled JEMIOKALUPS.
   713 | D:1      | 713 ||| READING scroll labelled SEIXTI FECILA.
   718 | D:1      | 718 ||| READING scroll labelled QISIAX VIWK.
   719 | D:1      | 719 ||| DRINKING 2 fuming sapphire potions.
   720 | D:1      | 720 ||| DROPPING scroll of butterflies.
   769 | D:2      | Reached XP level 3. HP: 31/31 MP: 2/2
   791 | D:2      | Found an opulent altar of Gozag.
  1079 | D:2      | Identified the staff of conjuration "Yvituil" {rPois Will+}
  1254 | D:2      | Reached XP level 4. HP: 26/38 MP: 3/3
  1506 | D:2      | Found Niushy's Armour Shoppe.
  1512 | D:2      | 1512 ||| SHOPLISTING +1 cloak of preservation (231 gold,
                  | have 60).
  1512 | D:2      | 1512 ||| SHOPLISTING +1 robe of Qucleoj {-Tele +Inv Dex+7}
                  | (383 gold, have 60).
  1729 | D:2      | 1729 ||| UPGRADING to +0 pair of gloves.
  1734 | D:2      | 1734 ||| READING 2 scrolls labelled LESEC RIHA.
  1735 | D:2      | 1735 ||| READING scroll labelled PEHOVOKOMN.
  1736 | D:2      | 1736 ||| READING scroll labelled GOUDWO TI UNAA.
  1737 | D:2      | 1737 ||| DROPPING scroll of blinking.
  1911 | D:3      | 1911 ||| FLEEEEING.
  1914 | D:3      | 1914 ||| FLEEEEING.
  1944 | D:3      | 1944 ||| FLEEEEING.
  1945 | D:3      | 1945 ||| FLEEEEING.
  1946 | D:3      | 1946 ||| FLEEEEING.
  1947 | D:3      | 1947 ||| FLEEEEING.
  1948 | D:3      | 1948 ||| FLEEEEING.
  1949 | D:3      | 1949 ||| FLEEEEING.
  1950 | D:3      | 1950 ||| FLEEEEING.
  1951 | D:3      | 1951 ||| FLEEEEING.
  1952 | D:3      | 1952 ||| FLEEEEING.
  1953 | D:3      | 1953 ||| FLEEEEING.
  1954 | D:3      | 1954 ||| FLEEEEING.
  1955 | D:3      | 1955 ||| FLEEEEING.
  1956 | D:3      | 1956 ||| FLEEEEING.
  1957 | D:3      | 1957 ||| FLEEEEING.
  1959 | D:3      | 1959 ||| FLEEEEING.
  1960 | D:3      | 1960 ||| FLEEEEING.
  1961 | D:3      | 1961 ||| FLEEEEING.
  1962 | D:3      | 1962 ||| FLEEEEING.
  1963 | D:3      | 1963 ||| FLEEEEING.
  1964 | D:3      | 1964 ||| FLEEEEING.
  1965 | D:3      | 1965 ||| FLEEEEING.
  1966 | D:3      | 1966 ||| FLEEEEING.
  1967 | D:3      | 1967 ||| FLEEEEING.
  1968 | D:3      | 1968 ||| FLEEEEING.
  1969 | D:3      | 1969 ||| FLEEEEING.
  1970 | D:3      | 1970 ||| FLEEEEING.
  1982 | D:3      | Reached skill level 6 in Ranged Weapons
  2027 | D:3      | Found a runed translucent door.
  2028 | D:3      | Noticed Crazy Yiuf
  2068 | D:3      | Noticed Grinder
  2083 | D:3      | HP: 7/38 [Grinder (4)]
  2084 | D:3      | 2084 ||| READING scroll of teleportation.
  2084 | D:3      | Killed Grinder
  2085 | D:3      | Reached XP level 5. HP: 9/50 MP: 4/4
  2085 | D:3      | Reached XP level 6. HP: 11/57 MP: 5/5
  2088 | D:3      | HP: 10/57 [orc/+0 hand axe (2)]
  2089 | D:3      | 2089 ||| DRINKING potion of heal wounds.
  2326 | D:3      | Found a broken altar of Ashenzari.
  2390 | D:3      | Found a hide-covered altar of Uskayaw.
  2390 | D:3      | Found a glowing silver altar of Zin.
  2390 | D:3      | Found an ancient bone altar of Kikubaaqudgha.
  2537 | D:3      | 2537 ||| UPGRADING to +1 hat.
  2542 | D:3      | 2542 ||| UPGRADING to scarf of repulsion.
  2547 | D:3      | 2547 ||| DROPPING +6 ring of intelligence.
  2548 | D:3      | 2548 ||| READING scroll labelled GUZEICW WASU.
  2649 | D:3      | 2649 ||| DRINKING 2 pink potions.
  2680 | D:4      | 2680 ||| STAIRDANCE
  2935 | D:4      | Reached skill level 7 in Ranged Weapons
  2941 | D:4      | Reached XP level 7. HP: 39/62 MP: 6/6
  3070 | D:4      | HP: 5/62 [ogre/+0 giant club (19)]
  3072 | D:4      | HP: 2/62 [ogre/+0 giant club (4)]
  3074 | D:4      | Reached skill level 8 in Ranged Weapons
  3311 | D:4      | Reached skill level 3 in Dodging
  3381 | D:4      | 3381 ||| SWAPPING to +0 arbalest.
  3382 | D:4      | 3382 ||| DROPPING +0 shortbow.
  3696 | D:4      | Found a radiant altar of Vehumet.
  3789 | D:4      | Found a basalt altar of Yredelemnul.
  3889 | D:4      | 3889 ||| UPGRADING to +0 pair of boots.
  3894 | D:4      | 3894 ||| UPGRADING to amulet of reflection.
  3899 | D:4      | 3899 ||| UPGRADING to amulet of faith.
  3909 | D:4      | 3909 ||| READING scroll labelled OGANEAX COIBULILAT.
  3910 | D:4      | 3910 ||| DRINKING 2 viscous amethyst potions.
  3911 | D:4      | 3911 ||| DRINKING 2 fizzy white potions.
  3912 | D:4      | 3912 ||| DROPPING potion of enlightenment.
  3939 | D:5      | Entered Level 5 of the Dungeon
  3962 | D:5      | Reached skill level 9 in Ranged Weapons
  3996 | D:5      | 3996 ||| FLEEEEING.
  4000 | D:5      | 4000 ||| STAIRDANCE
  4024 | D:5      | Reached skill level 6 in Fighting
  4063 | D:5      | Noticed a yak
  4063 | D:5      | Noticed a yak
  4065 | D:5      | Noticed a yak
  4069 | D:5      | Killed a yak
  4070 | D:5      | Reached XP level 8. HP: 55/71 MP: 7/7
  4074 | D:5      | Reached skill level 10 in Ranged Weapons
  4161 | D:5      | 4161 ||| DRINKING 3 smoky dark potions.
  4162 | D:5      | 4162 ||| DRINKING 3 potions of curing.
  4162 | D:5      | 4162 ||| (to cure confusion)
  4163 | D:5      | 4163 ||| DROPPING 2 potions of ambrosia.
  4168 | D:5      | 4168 ||| STAIRDANCE
  4205 | D:5      | 4205 ||| Stepping ~*~*~tactically~*~*~ (outnumbered).
  4920 | D:5      | 4920 ||| READING scroll labelled QAISCH ZEEXE.
  4932 | D:6      | Reached XP level 9. HP: 79/79 MP: 8/8
  4934 | D:6      | 4934 ||| STAIRDANCE
  4934 | D:6      | Noticed Eustachio
  4936 | D:5      | 4936 ||| DRINKING 2 potions of curing.
  4936 | D:5      | 4936 ||| (to cure confusion)
  4940 | D:6      | 4940 ||| STAIRDANCE
  4942 | D:5      | 4942 ||| DRINKING potion of curing.
  4942 | D:5      | 4942 ||| (to cure confusion)
  4965 | D:6      | 4965 ||| STAIRDANCE
  4968 | D:5      | 4968 ||| FLEEEEING.
  4969 | D:5      | 4969 ||| FLEEEEING.
  4974 | D:5      | 4974 ||| FLEEEEING.
  4976 | D:5      | 4976 ||| STAIRDANCE
  4995 | D:4      | Reached skill level 11 in Ranged Weapons
  5083 | D:5      | Killed Eustachio
  5138 | D:6      | Found a staircase to the Ecumenical Temple.
  5139 | D:6      | 5139 ||| PLANNING TEMPLE
  5146 | Temple   | Entered the Ecumenical Temple
  5232 | Temple   | 5232 ||| PLANNING OKAWARU WORSHIP
  5348 | Temple   | Became a worshipper of Warmaster Okawaru
  5348 | Temple   | 5348 ||| PLANNING D:1-11
  5413 | D:6      | 5413 ||| Stepping ~*~*~tactically~*~*~ (cloud).
  5503 | D:6      | Found a sacrificial altar of Ru.
  5568 | D:6      | Found Umiloy Josm's Self-Improvement Boutique.
  5641 | D:6      | 5641 ||| Stepping ~*~*~tactically~*~*~ (outnumbered).
  5661 | D:6      | Noticed Sigmund
  5666 | D:6      | Killed Sigmund
  5666 | D:6      | Reached * piety under Okawaru
  5686 | D:6      | 5686 ||| INVOKING Heroism.
  5694 | D:6      | Reached skill level 12 in Ranged Weapons
  5695 | D:6      | 5695 ||| INVOKING Heroism.
  5696 | D:6      | 5696 ||| INVOKING Heroism.
  5781 | D:6      | 5781 ||| FLEEEEING.
  5838 | D:6      | Found a hazy altar of Hepliaklqana.
  5884 | D:6      | Noticed a two-headed ogre
  5885 | D:6      | 5885 ||| INVOKING Heroism.
  5894 | D:6      | Killed a two-headed ogre
  5895 | D:6      | Reached skill level 9 in Fighting
  5895 | D:6      | 5895 ||| INVOKING Heroism.
  6374 | D:6      | 6374 ||| DRINKING 2 sedimented sapphire potions.
  6375 | D:6      | 6375 ||| DRINKING 2 emerald potions.
  6376 | D:6      | 6376 ||| DRINKING 2 fuming dark potions.
  6393 | D:6      | 6393 ||| READING 3 scrolls of identify.
  6393 | D:6      | 6393 ||| IDENTIFYING viscous red potion
  6394 | D:6      | 6394 ||| READING 2 scrolls of identify.
  6394 | D:6      | 6394 ||| IDENTIFYING glowing golden potion
  6395 | D:6      | 6395 ||| DROPPING potion of lignification.
  6438 | D:7      | 6438 ||| PLANNING OSSUARY
  6455 | D:7      | Found an opulent altar of Gozag.
  6709 | D:7      | Reached skill level 1 in Invocations
  6709 | D:7      | Reached XP level 10. HP: 91/91 MP: 9/9
  6809 | D:7      | Found a sand-covered staircase.
  6810 | D:7      | 6810 ||| UPGRADING to +2 hat.
  6820 | D:7      | 6820 ||| DROPPING +1 hat.
  6821 | D:7      | 6821 ||| DROPPING +2 hat.
  6828 | Ossuary  | Entered an ossuary
  6898 | Ossuary  | 6898 ||| READING 3 scrolls labelled NYRPHA SOTSIAGEPN.
  6899 | Ossuary  | 6899 ||| DRINKING 2 glowing emerald potions.
  6900 | Ossuary  | 6900 ||| DROPPING 2 scrolls of magic mapping.
  6909 | D:7      | 6909 ||| PLANNING D:1-11
  7100 | D:7      | 7100 ||| INVOKING Heroism.
  7131 | D:7      | 7131 ||| INVOKING Heroism.
  7279 | D:7      | 7279 ||| INVOKING Heroism.
  7415 | D:7      | 7415 ||| DROPPING ring of flight.
  7416 | D:7      | 7416 ||| READING scroll labelled BUOPNI QOFUL.
  7477 | D:8      | 7477 ||| INVOKING Heroism.
  7596 | D:8      | Noticed Joseph
  7597 | D:8      | 7597 ||| FLEEEEING.
  7598 | D:8      | 7598 ||| FLEEEEING.
  7599 | D:8      | 7599 ||| FLEEEEING.
  7604 | D:8      | 7604 ||| FLEEEEING.
  7610 | D:8      | Joseph changed into Joseph the shapeshifter
  7627 | D:8      | 7627 ||| INVOKING Heroism.
  7630 | D:8      | HP: 13/91 [Joseph the culicivora (shapeshifter) (14)]
  7631 | D:8      | 7631 ||| READING 4 scrolls of teleportation.
  7631 | D:8      | Joseph the culicivora changed into Joseph the black mamba
  7631 | D:8      | Noticed Joseph (shapeshifter)
  7632 | D:8      | 7632 ||| DRINKING potion of heal wounds.
  7635 | D:8      | Killed Joseph the black mamba
  7636 | D:8      | Reached skill level 13 in Ranged Weapons
  7636 | D:8      | Reached skill level 3 in Invocations
  7720 | D:8      | 7720 ||| INVOKING Heroism.
  7837 | D:8      | Noticed Prince Ribbit
  7850 | D:8      | 7850 ||| INVOKING Heroism.
  7861 | D:8      | Killed Prince Ribbit
  7861 | D:8      | Reached ** piety under Okawaru
  7862 | D:8      | Reached skill level 6 in Dodging
  8519 | D:8      | 8519 ||| UPGRADING to +2 robe of the Archmagi.
  8529 | D:8      | 8529 ||| DROPPING +0 ring mail.
  8530 | D:8      | 8530 ||| UPGRADING to +1 robe of cold resistance.
  8540 | D:8      | 8540 ||| READING 2 scrolls of identify.
  8540 | D:8      | 8540 ||| IDENTIFYING bubbling green potion
  8541 | D:8      | 8541 ||| DROPPING potion of attraction.
  8607 | D:9      | 8607 ||| INVOKING Heroism.
  8737 | D:9      | Found a staircase to the Lair.
  8762 | D:9      | Found a sparkling altar of Nemelex Xobeh.
  9251 | D:9      | 9251 ||| PLANNING LAIR
  9251 | D:9      | 9251 ||| DROPPING amulet of magic regeneration.
  9252 | D:9      | 9252 ||| READING 3 scrolls labelled POTETOIWNAM.
  9253 | D:9      | 9253 ||| READING 2 scrolls of enchant weapon.
  9253 | D:9      | 9253 ||| ENCHANTING +1 arbalest of chaos.
  9254 | D:9      | 9254 ||| READING scroll of enchant weapon.
  9254 | D:9      | 9254 ||| ENCHANTING +2 arbalest of chaos.
  9255 | D:9      | 9255 ||| READING 2 scrolls of identify.
  9255 | D:9      | 9255 ||| IDENTIFYING grey potion
  9256 | D:9      | 9256 ||| DROPPING potion of degeneration.
  9299 | Lair:1   | Entered Level 1 of the Lair of Beasts
  9300 | Lair:1   | 9300 ||| INVOKING Heroism.
  9300 | Lair:1   | Noticed a cane toad
  9306 | Lair:1   | Reached skill level 14 in Ranged Weapons
  9306 | Lair:1   | Reached *** piety under Okawaru
  9308 | Lair:1   | Killed a cane toad
  9308 | Lair:1   | Noticed a cane toad
  9311 | Lair:1   | Killed a cane toad
  9312 | Lair:1   | Reached XP level 11. HP: 78/99 MP: 11/13
  9317 | Lair:1   | Reached **** piety under Okawaru
  9516 | Lair:1   | 9516 ||| INVOKING Heroism.
  9619 | Lair:1   | 9619 ||| INVOKING Heroism.
  9759 | Lair:1   | 9759 ||| DRINKING potion of cancellation.
  9774 | Lair:1   | 9774 ||| INVOKING Heroism.
  9923 | Lair:1   | 9923 ||| INVOKING Heroism.
 10479 | Lair:1   | Noticed a seven-headed hydra
 10480 | Lair:1   | 10480 ||| INVOKING Heroism.
 10484 | Lair:1   | Killed a seven-headed hydra
 10485 | Lair:1   | Reached skill level 15 in Ranged Weapons
 10485 | Lair:1   | Reached skill level 6 in Invocations
 10944 | Lair:1   | 10944 ||| READING 2 scrolls of identify.
 10944 | Lair:1   | 10944 ||| IDENTIFYING bubbling black potion
 10945 | Lair:1   | 10945 ||| DROPPING potion of invisibility.
 11023 | Lair:2   | 11023 ||| INVOKING Heroism.
 11149 | Lair:2   | 11149 ||| INVOKING Heroism.
 11218 | Lair:2   | Found a staircase to the Snake Pit.
 11253 | Lair:2   | 11253 ||| INVOKING Heroism.
 11272 | Lair:2   | Reached ***** piety under Okawaru
 11279 | Lair:2   | Received a gift from Okawaru
 11319 | Lair:2   | 11319 ||| SWAPPING to +2 orcbow of freezing.
 11320 | Lair:2   | 11320 ||| DROPPING +3 arbalest of chaos.
 11406 | Lair:2   | Noticed a fire crab
 11408 | Lair:2   | 11408 ||| Stepping ~*~*~tactically~*~*~ (cloud).
 11414 | Lair:2   | 11414 ||| INVOKING Heroism.
 11418 | Lair:2   | 11418 ||| Stepping ~*~*~tactically~*~*~ (cloud).
 11422 | Lair:2   | HP: 19/99 [fire crab] (6)]
 11423 | Lair:2   | 11423 ||| READING 4 scrolls of teleportation.
 11423 | Lair:2   | HP: 1/99 [fire crab] (17)]
 11423 | Lair:2   | Succumbed to a cane toad's poison

Levels and vault maps discovered:
D:1:      roderic_chinese_lattice_arrival, layout_loops_cross
D:2:      layout_basic, basic_altar, serial_shops,
          nicolae_shop_pleasant_corner_grove
D:3:      layout_basic, ashenzari_conservatory_becter,
          gammafunk_temple_overflow_claw, uniq_crazy_yiuf_cottage, uniq_grinder
D:4:      layout_cave_pools, nicolae_vehumet_altar_sigil,
          nicolae_overflow_hidden_temple
D:5:      layout_loops_cross, nicolae_grassy_gnolls
D:6:      layout_loops_ring, nicolae_ru_awakened_eye, general_overflow_altar,
          minmay_temple_entry_offerings, serial_demonic, serial_demonic_f,
          serial_demonic_a, serial_demonic_c, serial_demonic_d, minivault_19,
          nicolae_shop_self_help, uniq_sigmund, uniq_eustachio
D:7:      layout_basic, kennysheep_mini_moat, nicolae_ossuary_entry_monument,
          the_hattery
D:8:      layout_rooms, minmay_quadrilaterals, uniq_prince_ribbit1, uniq_joseph
D:9:      layout_loops_cross, amcnicky_altar_gilded, dpeg_oklobed_lair,
          nicolae_water_bricks, grunt_decor_resistance
Temple:   nicolae_temple_slightly_damp_pantheon
Lair:1:   layout_layer_cave, minmay_holes
Lair:2:   layout_long_grid, dummy_snake_entry, grunt_megastairs_2,
          infiniplex_staircase_pool_2

Skill      XL: |  1  2  3  4  5  6  7  8  9 10 11 |
---------------+----------------------------------+-----
Ranged Weapons | 5 6 7 9 10 12 14 15 | 15.4
Fighting       | 3 5 6 7 9 10 | 10.0
Armour         | 2 4 |  4.1
Dodging        | 3 4 5 7 8 |  8.0
Invocations    | 1 4 7 |  7.8
Stealth        | |  0.7

Action                     |  1- 3 |  4- 6 |  7- 9 | 10-12 || total
---------------------------+-------+-------+-------+-------++-------
   Fire: Shortbow          |   112 |   114 |    39 |       ||   265
         Arbalest          |       |       |   225 |   320 ||   545
         Orcbow            |       |       |       |    26 ||    26
 Invoke: Heroism           |       |       |     4 |    18 ||    22
    Use: Scroll            |     4 |     5 |     4 |    10 ||    23
         Potion            |     1 |     2 |     9 |     3 ||    15
 Armour: Ring mail         |     4 |    28 |    76 |    38 ||   146
         Leather armour    |     3 |       |       |       ||     3
         Robe              |       |       |       |    10 ||    10
  Dodge: Dodged            |    23 |    24 |   104 |   106 ||   257
         Repelled          |       |       |     3 |     3 ||     6

Table legend:
 A = Non-vault XP
 B = Vault XP
 C = Vault XP percentage of total XP
 D = Non-vault monster count
 E = Vault monster count
 F = Vault count percentage of total count
                 A         B        C        D         E       F
            +---------+---------+-------+---------+---------+-------
      Total |   17622 |    3215 |  15.4 |     226 |      40 |  15.0
            +---------+---------+-------+---------+---------+-------
        D:1 |      30 |       0 |   0.0 |      21 |       0 |   0.0
        D:2 |      82 |       0 |   0.0 |      20 |       0 |   0.0
        D:3 |     172 |     258 |  60.0 |      24 |       1 |   4.0
        D:4 |     706 |       0 |   0.0 |      30 |       0 |   0.0
        D:5 |    1401 |     442 |  24.0 |      17 |       8 |  32.0
        D:6 |    1673 |     307 |  15.5 |      20 |       9 |  31.0
        D:7 |     682 |     215 |  24.0 |      16 |       1 |   5.9
        D:8 |    1808 |     909 |  33.5 |      28 |       5 |  15.2
        D:9 |     602 |       0 |   0.0 |      10 |       0 |   0.0
     Lair:1 |    6291 |       0 |   0.0 |      21 |       0 |   0.0
     Lair:2 |    4175 |     987 |  19.1 |      19 |       4 |  17.4
    Ossuary |       0 |      97 | 100.0 |       0 |      12 | 100.0
            +---------+---------+-------+---------+---------+-------
